 Dungeon Crawl Stone Soup version 0.24-a0-459-g225fefd530 (webtiles) character file.

Game seed: 11990268925053016766

285 Peloso the Shield-Bearer (level 6, 0/53 HPs)
             Began as a Minotaur Fighter on June 28, 2019.
             Succumbed to Crazy Yiuf's poison
             ... on level 3 of the Dungeon.
             The game lasted 00:05:01 (2064 turns).

Peloso the Shield-Bearer (Minotaur Fighter)         Turns: 2064, Time: 00:05:02

Health: 0/53       AC:  9    Str: 21    XL:     6   Next: 7%
Magic:  0/5        EV:  6    Int: 10    God:
Gold:   70         SH: 10    Dex: 11    Spells: 5/5 levels left

rFire    . . .     SeeInvis .   a - +0 long sword
rCold    . . .     Gourm    .   c - +0 shield
rNeg     . . .     Faith    .   x - +0 chain mail
rPois    .         Spirit   +   (helmet restricted)
rElec    .         Reflect  .   q - scarf {Spirit}
rCorr    .         Harm     .   (no gloves)
MR       .....                  (no boots)
Stlth    ..........             g - amulet of magic regeneration
HPRegen  0.17/turn              (no ring)
MPRegen  0.34/turn              (no ring)

@: brilliant, lethally poisoned (0 -> -9), very slightly contaminated, invisible
A: retaliatory headbutt, horns 2
a: no special abilities


You were on level 3 of the Dungeon.
You were not hungry.

You visited 1 branch of the dungeon, and saw 3 of its levels.

You collected 70 gold pieces.

Inventory:

Hand Weapons
 a - a +0 long sword (weapon)
Armour
 b - a +0 scale mail
 c - a +0 shield (worn)
 q - a scarf of spirit shield (worn)
 x - a +0 chain mail (worn)
Jewellery
 g - an amulet of magic regeneration (around neck)
Wands
 d - a wand of flame (15)
 r - a wand of random effects (17)
 w - a wand of digging (3)
Scrolls
 e - 2 scrolls of teleportation {unknown}
 h - 6 scrolls of identify {unknown}
 i - a scroll of enchant weapon {unknown}
 k - 2 scrolls of enchant armour {unknown}
 l - a scroll of magic mapping {unknown}
 m - a scroll of immolation {unknown}
 p - a scroll of random uselessness {unknown}
 t - a scroll of remove curse {unknown}
 u - a scroll of fog {unknown}
 v - a scroll of fear {unknown}
Potions
 n - a potion of flight {unknown}
 o - 2 potions of berserk rage
 s - a potion of agility {unknown}
 z - a potion of curing {unknown}
 A - a potion of heal wounds {unknown}
Comestibles
 f - 7 rations


   Skills:
 + Level 4.5 Fighting
 + Level 5.1 Long Blades
 + Level 4.7 Armour
 + Level 1.2 Dodging
 + Level 5.1 Shields


You had 5 spell levels left.
You didn't know any spells.
Your spell library was empty.

Dungeon Overview and Level Annotations

Branches:
Dungeon (3/15)

Altars:
Ashenzari
Ru

Annotations:
D:3 Crazy Yiuf


Innate Abilities, Weirdness & Mutations

You reflexively headbutt those who attack you in melee.
You have a pair of horns on your head.


Message History

Crazy Yiuf is moderately wounded.
Crazy Yiuf hits you with a +4 quarterstaff of chaos.
* * * LOW HITPOINT WARNING * * *
You are lethally poisoned!
Crazy Yiuf barely misses you. You furiously retaliate!
You headbutt Crazy Yiuf.
Your shield and chain mail prevent you from hitting Crazy Yiuf.
Crazy Yiuf is heavily wounded.
* * * LOW HITPOINT WARNING * * *
You feel sick. You block Crazy Yiuf's attack.
You closely miss Crazy Yiuf.
Crazy Yiuf is heavily wounded.
* * * LOW HITPOINT WARNING * * *
You feel sick.
Crazy Yiuf hits you with a +4 quarterstaff of chaos!
* * * LOW HITPOINT WARNING * * *
You fade into invisibility!
You are very lightly contaminated with residual magic.
It was a potion of brilliance.
You feel clever all of a sudden.
You die...

#..####.##..##...#............
#.....#.##...###.............#
##).#............#..#.........
#..#################........#
####...# #........# #<.....#
#........# #......##♣♣ ###
#........# #.........♣ ♣♣#..)#
###.......
#.........♣♣♣♣♣@g...# #..#####
#...........♣..♣#...# #..# #
#..........♣.♣♣♣ ###
###..##### #......##♣♣♣♣♣
#........( #......# #..>......
################
#####.........
#.#......####.......>.....
##.##......................
#..........................


You could see Crazy Yiuf.

Vanquished Creatures
  An ogre (D:2)
  An orc priest (D:3)
  Ijyb (D:3)
  Robin (D:3)
  2 adders (D:3)
  2 oozes
  5 worms
  2 dart slugs
  7 leopard geckos
  2 orcs (D:3)
  3 giant cockroaches
  15 goblins
  9 hobgoblins
  7 jackals
  12 kobolds
  5 bats
  5 frilled lizards
  8 rats
88 creatures vanquished.

Notes
Turn   | Place    | Note
-------+----------+-------------------------------------------
     0 | D:1      | Peloso the Minotaur Fighter began the quest for the Orb.
     0 | D:1      | Reached XP level 1. HP: 19/19 MP: 0/0
   153 | D:1      | Reached XP level 2. HP: 20/27 MP: 1/1
   455 | D:1      | Reached XP level 3. HP: 25/33 MP: 2/2
   690 | D:2      | Noticed an ogre
   697 | D:2      | Killed an ogre
   697 | D:2      | Reached skill level 1 in Dodging
   697 | D:2      | Reached XP level 4. HP: 19/41 MP: 3/3
  1011 | D:2      | Found a sacrificial altar of Ru.
  1036 | D:2      | Reached XP level 5. HP: 41/47 MP: 4/4
  1187 | D:2      | Found a faded altar of an unknown god.
  1437 | D:3      | Noticed Robin
  1477 | D:3      | Killed Robin
  1508 | D:3      | Found a shattered altar of Ashenzari.
  1562 | D:3      | Found a runed translucent door.
  1563 | D:3      | Noticed Crazy Yiuf
  1680 | D:3      | Reached skill level 5 in Shields
  1885 | D:3      | Noticed Ijyb
  1906 | D:3      | Killed Ijyb
  1906 | D:3      | Reached skill level 5 in Long Blades
  1906 | D:3      | Reached XP level 6. HP: 24/53 MP: 5/5
  2063 | D:3      | HP: 1/53 [Crazy Yiuf/+4 quarterstaff of chaos (4)]
  2064 | D:3      | Succumbed to Crazy Yiuf's poison

Levels and vault maps discovered:
D:1:      dpeg_arrival_three_same_balls, layout_loops_ring, minmay_hexomino_p4
D:2:      layout_basic, nicolae_ru_awakened_eye,
          chequers_ecumenical_altar_island
D:3:      layout_rooms, first_ration, ashenzari_altar_1, uniq_ijyb, uniq_robin,
          uniq_crazy_yiuf_cottage

Skill      XL: |  1  2  3  4  5 |
---------------+----------------+-----
Shields        | 4 5 |  5.1
Fighting       | 4 |  4.5
Long Blades    | 3 4 5 |  5.1
Armour         | 4 |  4.7
Dodging        | 1 |  1.2

Action                   |  1- 3 |  4- 6 || total
-------------------------+-------+-------++-------
Melee: Long sword        |    71 |   159 ||   230
       Headbutt          |     7 |    32 ||    39
  Use: Potion            |       |     2 ||     2
  Eat: Chunk             |       |     4 ||     4
Armor: Scale mail        |    31 |    69 ||   100
       Chain mail        |       |     2 ||     2
Dodge: Dodged            |    36 |    58 ||    94
Block: Shield            |    46 |    93 ||   139
       Rpst.: Long sword |    11 |    17 ||    28

Table legend:
 A = Non-vault XP
 B = Vault XP
 C = Vault XP percentage of total XP
 D = Non-vault monster count
 E = Vault monster count
 F = Vault count percentage of total count
                 A         B        C        D         E       F
            +---------+---------+-------+---------+---------+-------
      Total |     333 |      75 |  18.4 |      72 |      16 |  18.2
            +---------+---------+-------+---------+---------+-------
        D:1 |      43 |       5 |  10.4 |      24 |       4 |  14.3
        D:2 |     171 |       0 |   0.0 |      25 |       0 |   0.0
        D:3 |     119 |      70 |  37.0 |      23 |      12 |  34.3
            +---------+---------+-------+---------+---------+-------
